 Dungeon Sprint DCSS version 0.17-a0-1778-gd369669 (webtiles) character file.

471 KambridgeKobold the Fighter (level 6, -3/66 HPs)
             Began as a Minotaur Monk on Sept 8, 2015.
             Was a Follower of Ru.
             Slain by a slime creature (14 damage)
             ... in the Dungeon (Sprint I: "Red Sonja").
             The game lasted 00:03:01 (748 turns).

KambridgeKobold the Fighter (Minotaur Monk)          Turns: 748, Time: 00:03:01

Health: -3/66      AC:  2    Str: 16    XL:     6   Next: 83%
Magic:  5/5        EV: 17    Int:  7    God:    Ru [*.....]
Gold:   187        SH:  0    Dex: 14    Spells: 1 memorised, 4 levels left

rFire  . . .     SeeInvis .       - Unarmed
rCold  . . .     Clarity  .     a - +0 robe
rNeg   . . .     SustAt   .     (no shield)
rPois  .         Gourm    .     (helmet restricted)
rElec  .         Spirit   .     (no cloak)
rCorr  .         Warding  .     (no gloves)
rMut   .         NoTele   +     (no boots)
MR     .....                    (no amulet)
Stlth  ++........               (no ring)
                                (no ring)

@: not resistant to hostile enchantments, unstealthy
A: retaliatory headbutt, horns 2, unskilled 1
a: Renounce Religion


You were in the Dungeon.
You worshipped Ru.
Ru was aware of your devotion.
You were not hungry.

You visited 1 branch You collected 308 gold pieces.
You spent 121 gold pieces at shops.

Inventory:

Hand weapons
 i - a +0 scythe
Armour
 a - a +0 robe (worn)
Scrolls
 h - a scroll of blinking
Potions
 c - a potion of curing
 d - a potion of heal wounds
 e - a potion of haste
 f - 2 potions of magic
 g - a potion of berserk rage
 k - a potion of ambrosia
 l - a potion of lignification
Books
 j - a book of Party Tricks

   Spells                             Type                      Level
   a - Summon Butterflies             Summoning                    1
   b - Apportation                    Translocation                1
   c - Tukima's Dance                 Hexes                        3
   d - Alistair's Intoxication        Transmutation/Poison         4
   e - Invisibility                   Hexes                        6
Comestibles
 b - a bread ration


   Skills:
 + Level 9.9 Fighting
 + Level 0.0 Polearms
 + Level 9.2 Armour
 - Level 9.0 Dodging
 - Level 1.4 Stealth
 - Level 4.0 Unarmed Combat


You had 4 spell levels left.
You knew the following spells:

 Your Spells              Type           Power        Failure   Level  Hunger
a - Apportation           Tloc           #.........   47%         1    ##.....


Dungeon Overview and Level Annotations

Branches:
Dungeon (1/1)

Altars:
Cheibriados
Dithmenos
Elyvilon
Fedhas
Gozag
Kikubaaqudgha
Makhleb
Nemelex Xobeh
Okawaru
Qazlal
Ru
Sif Muna
Trog
Vehumet
Xom
Yredelemnul
Zin
The Shining One
Jiyva

Shops:
D !


Innate Abilities, Weirdness & Mutations

You reflexively headbutt those who attack you in melee.
You have a pair of horns on your head.
You are somewhat unskilled (-1 Apt).


Message History

The slime creature hits you.
You barely miss the slime creature.
The slime creature is moderately wounded.
The slime creature hits you!!
You hit the slime creature.
Your headbutt misses the slime creature.
The slime creature is moderately wounded.
The slime creature hits you.
You hit the slime creature.
The slime creature is moderately wounded.
The slime creature hits you.
You hit the slime creature. You punch the slime creature.
The slime creature is heavily wounded.
The slime creature hits you!
* * * LOW HITPOINT WARNING * * *
You hit the slime creature but do no damage.
You headbutt the slime creature.
The slime creature is severely wounded.
The slime creature hits you!
You die...

###################
#<.#..)..#.['..#__#
#..'..#..'..#..@J.+
#..#####'#####'#__#
#..####..#...#.####
#..#__####..##(#
#..#_..__##'#..+
#⌠⌠#_.∩...'..._#
####_..._##_.#'#
#_____###+#.#
####### ###


You could see a slime creature.

Vanquished Creatures
  A yak (D)
  Sigmund (D)
  An ogre (D)
  A jelly (D)
  Ijyb (D)
5 creatures vanquished.

Notes
Turn   | Place    | Note
--------------------------------------------------------------
     0 | D        | KambridgeKobold the Minotaur Monk began the quest for the Orb.
     0 | D        | Reached XP level 1. HP: 19/19 MP: 0/0
     1 | D        | Noticed Ijyb
    12 | D        | Killed Ijyb
    12 | D        | Reached skill level 5 in Fighting
    12 | D        | Reached skill level 5 in Dodging
    12 | D        | Reached XP level 2. HP: 15/29 MP: 1/1
   166 | D        | Noticed an ogre
   173 | D        | Killed an ogre
   173 | D        | Reached skill level 7 in Fighting
   173 | D        | Reached XP level 3. HP: 33/39 MP: 2/2
   173 | D        | Reached XP level 4. HP: 39/47 MP: 3/3
   227 | D        | Noticed Sigmund
   241 | D        | Killed Sigmund
   241 | D        | Reached skill level 9 in Fighting
   241 | D        | Reached XP level 5. HP: 34/57 MP: 4/4
   241 | D        | Reached XP level 6. HP: 38/64 MP: 5/5
   378 | D        | Found a deep blue altar of Sif Muna.
   379 | D        | Noticed a jelly
   380 | D        | Found a radiant altar of Vehumet.
   387 | D        | Killed a jelly
   611 | D        | Learned a level 1 spell: Apportation
   628 | D        | Found Satoz's Distillery.
   628 | D        | Found a white marble altar of Elyvilon.
   628 | D        | Found a stormy altar of Qazlal.
   628 | D        | Found a burning altar of Makhleb.
   628 | D        | Found a sacrificial altar of Ru.
   628 | D        | Found a basalt altar of Yredelemnul.
   628 | D        | Found a glowing golden altar of the Shining One.
   628 | D        | Found a sparkling altar of Nemelex Xobeh.
   628 | D        | Found a shimmering altar of Xom.
   628 | D        | Found an opulent altar of Gozag.
   628 | D        | Found an ancient bone altar of Kikubaaqudgha.
   628 | D        | Found a glowing silver altar of Zin.
   628 | D        | Noticed a yak
   629 | D        | Found an iron altar of Okawaru.
   637 | D        | Killed a yak
   637 | D        | Reached skill level 10 in Fighting
   637 | D        | Reached skill level 10 in Armour
   638 | D        | Found a bloodstained altar of Trog.
   642 | D        | Bought a potion of ambrosia for 88 gold pieces
   642 | D        | Bought a potion of lignification for 33 gold pieces
   644 | D        | Became a worshipper of Ru the Awakened
   647 | D        | Gained mutation: You are somewhat unskilled (-1 Apt). [Ru sacrifice]
   647 | D        | Acquired Ru's first power
   738 | D        | Found a snail-covered altar of Cheibriados.
   738 | D        | Found a viscous altar of Jiyva.
   738 | D        | Found a shadowy altar of Dithmenos.
   738 | D        | Found a blossoming altar of Fedhas.
   738 | D        | Noticed a slime creature
   748 | D        | Slain by a slime creature

Vault maps used:
D:        dungeon_sprint_1

Action                   |  1- 3 |  4- 6 || total
-------------------------+-------+-------++-------
Melee: Unarmed           |    16 |    34 ||    50
Invok: Sacrifice Skill   |       |     1 ||     1
